 Dungeon Crawl Stone Soup version 0.31-a0-981-geadf994542 (webtiles) character file.

Game seed: 14823872985831704894

118 Gladio the Gusty (level 5, -3/30 HPs)
             Began as a Tengu Air Elementalist on Oct 31, 2023.
             Slain by a sleepcap (7 damage)
             ... on level 4 of the Dungeon.
             The game lasted 00:05:58 (2712 turns).

Gladio the Gusty (Tengu Air Elementalist)           Turns: 2712, Time: 00:05:59

Health: -3/30      AC:  3    Str:  8    XL:     5   Next: 2%
Magic:  3/10       EV: 12    Int: 17    God:
Gold:   193        SH:  0    Dex: 15    Spells: 3/9 levels left

rFire   . . .        d - +2 dagger (protect)
rCold   . . .        (no shield)
rNeg    . . .        a - +0 robe
rPois   .            (helmet restricted)
rElec   .            j - +0 cloak
rCorr   .            (no gloves)
SInv    .            (boots unavailable)
Will    .....        (no amulet)
Stlth   ++           (no ring)
HPRegen 0.25/turn    (no ring)
MPRegen 0.12/turn

%: acrobat
@: no status effects
A: beak, talons 3, acrobatic
a: no special abilities


You were on level 4 of the Dungeon.
You visited 1 branch of the dungeon, and saw 4 of its levels.

You collected 193 gold pieces.

Inventory:

Hand Weapons
 d - a +2 dagger of protection (weapon)
Armour
 a - a +0 robe (worn)
 j - a +0 cloak (worn)
Wands
 k - a wand of digging (3)
Scrolls
 f - a scroll of enchant armour {unknown}
 g - a scroll of teleportation
Potions
 b - a potion of magic
 c - 4 potions of heal wounds
 e - 3 potions of curing
 h - a potion of attraction
 i - a potion of enlightenment


   Skills:
 + Level 1.9 Fighting
 - Level 2.1 Dodging
 - Level 2.0 Stealth
 + Level 2.8 Spellcasting
 - Level 2.0 Conjurations
 * Level 5.7 Air Magic


You had 3 spell levels left.
You knew the following spells:

 Your Spells              Type           Power      Damage    Failure   Level
a - Shock                 Conj/Air       60%        1d6       3%          1
b - Static Discharge      Conj/Air       30%        3-5/arc   5%          2
c - Swiftness             Air            22%        N/A       4%          3

Your spell library contained the following spells:

 Spells                   Type           Power      Damage    Failure   Level
 Magic Dart               Conj           36%        1d4       8%          1
 Searing Ray              Conj           18%        2d5       12%         2
 Slow                     Hex            8%         N/A       19%         1
 Summon Small Mammal      Summ           8%         N/A       19%         1
 Blink                    Tloc           4%         N/A       26%         2
 Call Canine Familiar     Summ           2%         N/A       47%         3
 Confusing Touch          Hex            2%         N/A       47%         3
 Sigil of Binding         Hex            2%         N/A       47%         3
 Summon Guardian Golem    Hex/Summ       2%         N/A       47%         3
 Vampiric Draining        Necr           2%         2d6       47%         3
 Airstrike                Air            11%        2d(2-18)  17%         4
 Fulminant Prism          Conj/Hex       2%         3d5       75%         4
 Manifold Assault         Tloc           2%         N/A       87%         4


Dungeon Overview and Level Annotations

Branches:
Dungeon (4/15)
 Temple: D:4-7

Altars:
Zin


Innate Abilities, Weirdness & Mutations

You have a beak for a mouth.
You have claws for feet.
You can magically evade attacks while moving or waiting.


Message History

There is a stone staircase leading down here.
You climb downwards.
There is a stone staircase leading up here.
Sorry, I don't know how to get there.
No target in view!
Key pressed, stopping explore.
A sleepcap comes into view.
A sleepcap is nearby!
The zap hits the sleepcap.
The sleepcap is lightly damaged.
The zap hits the sleepcap.
The sleepcap is moderately damaged.
The zap hits the sleepcap.
The sleepcap is moderately damaged.
Aiming: Shock (safe; 3% risk of failure)
Press: ? - help, Q - select action, (/) - cycle Shift-Dir - straight line, p - sleepcap
Okay, then.
Casting: Shock (safe; 3% risk of failure)
Confirm with . or Enter, or press ? or * to list all spells.
The sleepcap is struck by an arc of lightning.
The sleepcap is moderately damaged.
You are struck by an arc of lightning.
The lightning grounds out.
The sleepcap releases spores at you.
You are engulfed in a cloud of soporific spores!
You fall asleep.
The sleepcap releases spores at you!!
You wake up.
Ouch! That really hurt!
* * * LOW HITPOINT WARNING * * *
The sleepcap releases spores at you.
* * * LOW HITPOINT WARNING * * *
Casting: Static Discharge (safe; 5% risk of failure)
Confirm with . or Enter, or press ? or * to list all spells.
The sleepcap is struck by an arc of lightning.
The sleepcap is heavily damaged.
You are struck by an arc of lightning.
* * * LOW HITPOINT WARNING * * *
The sleepcap is struck by an arc of lightning.
The sleepcap is severely damaged.
The lightning grounds out.
The sleepcap releases spores at you!
You die...

### ##.##
##.#.##############
#.###......@f.)....
##<#....###########
##.###.# #.# #.#
#.# #.# #.# #.# #.#
#.. #.# ..# #.# .##


You could see a sleepcap.

Vanquished Creatures
  Crazy Yiuf (D:2)
  3 adders
  2 dart slugs (D:2)
  3 endoplasms
  5 giant cockroaches
  7 goblins
  4 hobgoblins
  4 jackals (D:1)
  A quokka (D:3)
  5 ball pythons
  8 bats
  4 frilled lizards
  2 kobolds (D:1)
  5 rats
54 creatures vanquished.

Notes
Turn   | Place    | Note
-------+----------+-------------------------------------------
     0 | D:1      | Gladio the Tengu Air Elementalist began the quest for the
                  | Orb.
     0 | D:1      | Reached XP level 1. HP: 10/10 MP: 4/4
   228 | D:1      | Reached XP level 2. HP: 16/16 MP: 0/6
   383 | D:1      | You fall into a shaft and drop 1 floor!
   544 | D:2      | Learned a level 2 spell: Static Discharge
   666 | D:2      | Reached skill level 1 in Fighting
   666 | D:2      | Reached XP level 3. HP: 19/20 MP: 0/7
   861 | D:1      | Learned a level 3 spell: Swiftness
  1130 | D:1      | Reached skill level 5 in Air Magic
  1861 | D:2      | Found a runed translucent door.
  1862 | D:2      | Noticed Crazy Yiuf
  1868 | D:2      | Killed Crazy Yiuf
  1869 | D:2      | Reached XP level 4. HP: 17/25 MP: 3/8
  1935 | D:3      | Found a glowing silver altar of Zin.
  2480 | D:3      | Reached XP level 5. HP: 30/30 MP: 5/10
  2712 | D:4      | Slain by a sleepcap

Illustrated notes

Levels and vault maps discovered:
D:1:      dpeg_chamrin_arrival_tetris, layout_basic, minmay_misc_feat_tower
D:2:      layout_basic, nicolae_twisty_statue_hallways, uniq_crazy_yiuf_cottage
D:3:      kennysheep_big_flooded_room, layout_rooms, overflow_temple_1_default,
          minmay_diced_spiral
D:4:      minmay_skewed_foursquare, layout_loops_ring,
          nicolae_qazlal_scattered_showers, temple_green, saegor_snake_ambush,
          uniq_duvessa

Skill      XL: |  1  2  3 |
---------------+----------+-----
Conjurations   | 2 |  2.0
Fighting       | 1 |  1.9
Air Magic      | 5 |  5.7
Dodging        | |  2.1
Stealth        | |  2.0
Spellcasting   | |  2.8

Action                     |  1- 3 |  4- 6 || total
---------------------------+-------+-------++-------
  Melee: Kick              |     4 |     3 ||     7
         Unarmed           |     2 |       ||     2
         Dagger            |     9 |     9 ||    18
         Peck              |     1 |     1 ||     2
         Punch             |       |     1 ||     1
   Cast: Shock             |    39 |    28 ||    67
         Static Discharge  |    13 |     7 ||    20
    Use: Scroll            |       |     6 ||     6
   Stab: Sleeping          |     3 |     1 ||     4
 Armour: Robe              |    21 |    25 ||    46
  Dodge: Dodged            |    27 |     9 ||    36

Table legend: (Time is in decaauts)
 A = Elapsed time spent in this place.
 B = Non-inter-level travel time spent in this place.
 C = Inter-level travel time spent in this place.
 D = Time resting spent in this place.
 E = Time spent auto-exploring this place.
 F = Levels seen in this place.
 G = Mean time per level.
                   A        B        C        D        E       F      G
               +--------+--------+--------+--------+--------+-----+--------+
         Total |   2711 |   2576 |    135 |      0 |   2276 |   4 |  677.8 |
       Dungeon |   2711 |   2576 |    135 |      0 |   2276 |   4 |  677.8 |
               +--------+--------+--------+--------+--------+-----+--------+

Top non-repeatable levels by time:
     D:1: 1016 daAuts
     D:2: 938 daAuts
     D:3: 731 daAuts
     D:4: 24 daAuts
